 Dungeon Crawl Stone Soup version 0.26-a0-52-gd53d4cd058 (webtiles) character file.

Game seed: 1209061688863931068

163 inmateoo the Skirmisher (level 5, -5/51 HPs)
             Began as a Hill Orc Assassin on June 6, 2020.
             Slain by an ogre
             ... wielding a +0 giant club
              (29 damage)
             ... on level 4 of the Dungeon.
             The game lasted 00:03:07 (2921 turns).

inmateoo the Skirmisher (Hill Orc Assassin)         Turns: 2921, Time: 00:03:08

Health: -5/51      AC:  5    Str: 15    XL:     5   Next: 44%
Magic:  5/5        EV: 11    Int: 11    God:
Gold:   128        SH:  0    Dex: 12    Spells: 4/4 levels left

rFire    . . .     SeeInvis .   a - +2 dagger
rCold    . . .     Gourm    .   (no shield)
rNeg     . . .     Faith    .   h - +0 leather armour
rPois    +         Spirit   .   (no helmet)
rElec    .         Reflect  .   c - +1 cloak
rCorr    .         Harm     .   (no gloves)
MR       .....                  (no boots)
Stlth    ++........             t - amulet of the acrobat
HPRegen  0.17/turn              s - ring of poison resistance
MPRegen  0.09/turn              (no ring)

@: no status effects
A: no striking features
a: no special abilities


You were on level 4 of the Dungeon.
You were very hungry.

You visited 1 branch of the dungeon, and saw 4 of its levels.

You collected 128 gold pieces.

Inventory:

Hand Weapons
 a - a +2 dagger (weapon)
 l - a +1 hunting sling of freezing
Missiles
 d - 26 poisoned darts (quivered)
 j - 3 javelins
 m - 64 stones
Armour
 c - a +1 cloak (worn)
 h - a +0 leather armour (worn)
 v - a +0 chain mail
Jewellery
 s - a ring of poison resistance (left hand)
 t - an amulet of the acrobat (around neck)
Wands
 q - a wand of paralysis (4)
 y - a wand of digging (7)
Scrolls
 b - 2 scrolls of identify {unknown}
 g - 3 scrolls of remove curse
 u - a scroll of teleportation {unknown}
 w - a scroll of amnesia {unknown}
 x - a scroll of noise {unknown}
Potions
 i - a potion of brilliance {unknown}
 k - 2 potions of invisibility {unknown}
 n - a potion of curing {unknown}
 o - a potion of flight {unknown}
 p - a potion of might {unknown}
 r - 2 potions of degeneration {unknown}
Comestibles
 f - 5 rations


   Skills:
 + Level 6.6 Fighting
 - Level 2.0 Short Blades
 - Level 1.7 Throwing
 - Level 0.7 Dodging
 - Level 3.2 Stealth


You had 4 spell levels left.
You didn't know any spells.
Your spell library contained the following spells:

 Spells                   Type           Power        Failure   Level  Hunger
 Magic Dart               Conj           #...         41%         1    ##.....
 Blink                    Tloc           N/A          54%         2    ###....
 Call Imp                 Summ           #.......     54%         2    ###....
 Slow                     Hex            #.......     54%         2    ###....
 Conjure Flame            Conj/Fire      #.......     78%         3    ####...
 Mephitic Cloud           Conj/Pois/Air  #.......     78%         3    ####...


Dungeon Overview and Level Annotations

Branches:
Dungeon (4/15)
 Temple: D:4-7

Altars:
Ashenzari
Cheibriados
Makhleb
Vehumet

Annotations:
D:2 Natasha


Message History

Throwing (i - inventory. (/) - cycle)
e - 2 curare-tipped darts (quivered)
Press: ? - help, Shift-Dir - straight line, f - iguana
Aim: an iguana You throw a curare-tipped dart.
The curare-tipped dart barely misses the jackal.
The curare-tipped dart barely misses the iguana.
The jackal bites you.
Unknown command.
Throwing (i - inventory. (/) - cycle)
e - a curare-tipped dart (quivered)
Press: ? - help, Shift-Dir - straight line, f/p - iguana
Aim: an iguana You throw a curare-tipped dart.
The curare-tipped dart hits the jackal.
The jackal is poisoned.
The jackal convulses.
The jackal seems to slow down.
The jackal is severely wounded.
The jackal closely misses you.
Unknown command.
You climb downwards.
The ogre hits you with a +0 giant club!!
Ouch! That really hurt!
You die...

#### ##..# #
#h@.#
#..#O..# #
#......##.##
#..........#
####.......#
#[.....###
..........
.........?[
.##.###......


You could see an ogre and a jackal (very poisoned, slow).

Vanquished Creatures
  Ijyb (D:3)
  Natasha (D:2)
  5 adders
  A worm (D:2)
  3 dart slugs
  A leopard gecko (D:2)
  3 giant cockroaches
  7 goblins
  8 hobgoblins
  4 jackals
  A quokka (D:2)
  A ball python (D:3)
  7 bats
  3 frilled lizards (D:1)
  7 kobolds
  5 rats
58 creatures vanquished.

Notes
Turn   | Place    | Note
-------+----------+-------------------------------------------
     0 | D:1      | inmateoo the Hill Orc Assassin began the quest for the Orb.
     0 | D:1      | Reached XP level 1. HP: 18/18 MP: 1/1
   126 | D:1      | Reached skill level 3 in Fighting
   135 | D:1      | Reached XP level 2. HP: 20/26 MP: 2/2
   398 | D:1      | Reached skill level 4 in Fighting
   466 | D:1      | Reached XP level 3. HP: 33/33 MP: 3/3
  1038 | D:2      | Noticed Natasha
  1054 | D:2      | Killed Natasha
  1054 | D:2      | Reached skill level 5 in Fighting
  1054 | D:2      | Reached XP level 4. HP: 26/42 MP: 4/4
  1599 | D:2      | Found a radiant altar of Vehumet.
  1773 | D:2      | Found a shattered altar of Ashenzari.
  1774 | D:2      | Noticed Natasha
  1782 | D:2      | Found a burning altar of Makhleb.
  1969 | D:2      | Found a snail-covered altar of Cheibriados.
  1982 | D:2      | Reached skill level 6 in Fighting
  2096 | D:3      | Reached XP level 5. HP: 40/50 MP: 5/5
  2799 | D:4      | Noticed Ijyb
  2909 | D:4      | Noticed an ogre
  2914 | D:3      | Killed Ijyb
  2921 | D:4      | Slain by an ogre

Illustrated notes

Levels and vault maps discovered:
D:1:      zelgadis_glass_arrival_small, layout_rooms, minmay_misc_feat_x
D:2:      layout_loops_ring, kennysheep_slug_shrine,
          nicolae_overflow_hidden_temple, vehumet_crystals, minmay_bisected,
          uniq_natasha
D:3:      layout_loops_ring, serial_park_tiny_2, chequers_serial_rivers_micro_a,
          minmay_between
D:4:      layout_cave_pools, first_ration, serial_shops, shop, uniq_sigmund,
          uniq_eustachio, uniq_ijyb

Skill      XL: |  1  2  3  4 |
---------------+-------------+-----
Fighting       | 3 4 5 6 |  6.6
Short Blades   | |  2.0
Throwing       | |  1.7
Dodging        | |  0.7
Stealth        | |  3.2

Action                   |  1- 3 |  4- 6 || total
-------------------------+-------+-------++-------
Melee: Dagger            |   117 |   127 ||   244
Throw: Dart              |       |     5 ||     5
Evoke: Wand              |       |     1 ||     1
  Use: Scroll            |     4 |       ||     4
 Stab: Sleeping          |     5 |     1 ||     6
       Paralysed         |       |     2 ||     2
  Eat: Chunk             |       |     5 ||     5
Armor: Leather armour    |    21 |    54 ||    75
Dodge: Dodged            |    69 |   106 ||   175

Table legend:
 A = Non-vault XP
 B = Vault XP
 C = Vault XP percentage of total XP
 D = Non-vault monster count
 E = Vault monster count
 F = Vault count percentage of total count
                 A         B        C        D         E       F
            +---------+---------+-------+---------+---------+-------
      Total |     136 |      98 |  41.9 |      48 |      10 |  17.2
            +---------+---------+-------+---------+---------+-------
        D:1 |      49 |      13 |  21.0 |      28 |       1 |   3.4
        D:2 |      60 |      42 |  41.2 |      11 |       4 |  26.7
        D:3 |      27 |      43 |  61.4 |       9 |       5 |  35.7
            +---------+---------+-------+---------+---------+-------
